 Dungeon Sprint DCSS version 0.31-a0-4-gefa6de2278 (webtiles) character file.

Game seed: 16763932500277361847

1511 123456 the Warrior (level 10, -6/111 HPs)
             Began as a Minotaur Fighter on May 4, 2023.
             Was an Initiate of Gozag.
             Shot with an arrow by a centaur warrior (7 damage)
             ... in the Dungeon (Sprint VI: "Thunderdome").
             The game lasted 00:07:06 (1254 turns).

123456 the Warrior (Minotaur Fighter)               Turns: 1254, Time: 00:07:06

Health: -6/111     AC: 21    Str: 33    XL:     10   Next: 66%
Magic:  18/18      EV: 15    Int:  5    God:    Gozag
Gold:   358        SH:  5    Dex: 13    Spells: 9/9 levels left

rFire   + . .        a - +0 flail (protect)
rCold   + . .        c - +0 buckler
rNeg    . . .        b - +0 scale mail
rPois   +            (helmet restricted)
rElec   +            p - +2 cloak of Rinepli {MP+9 Slay+3}
rCorr   +            (no gloves)
SInv    .            q - +0 pair of boots of Amorality {Drain Str+4 Dex+3}
Will    .....        o - amulet "Gippybre" {rPois Will+ Regen+ Str+4} Stlth
                     (no ring)
HPRegen 1.18/turn    (no ring)
MPRegen 0.16/turn

%: no teleportation
@: lethally poisoned (-6 -> -8), resistant, weak-willed, gold aura, under a
protective aura, bribing [the Dungeon]
A: horns 2, retaliatory headbutt
}: 1/15 runes: decaying
a: Renounce Religion, Potion Petition, Call Merchant, Bribe Branch


You were in the Dungeon.
You worshipped Gozag.
Gozag was aware of your devotion.
You visited 1 branch You collected 5127 gold pieces.
You spent 1309 gold pieces at shops.
You paid 3460 gold pieces to Gozag.

Inventory:

Hand Weapons
 a - a +0 flail of protection (weapon)
Missiles
 r - 12 stones (quivered)
Armour
 b - a +0 scale mail (worn)
 c - a +0 buckler (worn)
 p - the +2 cloak of Rinepli (worn) {MP+9 Slay+3}
   (You bought it in a shop in the Dungeon)

   Slay:      It affects your accuracy & damage with ranged weapons and melee
   (+3).
   MP:        It affects your magic capacity (+9).
 q - the +0 pair of boots of Amorality (worn) {Drain Str+4 Dex+3}
   (You bought it in a shop in the Dungeon)

   Str:       It affects your strength (+4).
   Dex:       It affects your dexterity (+3).
   Drain:     It drains your maximum health when unequipped.
Jewellery
 o - the amulet "Gippybre" (around neck) {rPois Will+ Regen+ Str+4}
   (You bought it in a shop in the Dungeon)

   [amulet of regeneration]

   Str:       It affects your strength (+4).
   rPois:     It protects you from poison.
   Regen:     It increases your rate of health regeneration.
   Will:      It increases your willpower.
Wands
 l - a wand of acid (5)
 m - a wand of iceblast (3)
 s - a wand of digging (7)
Scrolls
 j - 4 scrolls of blinking
 n - 3 scrolls of fog
Potions
 d - a potion of might
 e - a potion of curing
 f - a potion of heal wounds
 g - 4 potions of haste
 h - 2 potions of magic
 i - 2 potions of berserk rage
 k - a potion of resistance


   Skills:
 * Level 17.0 Fighting
 * Level 16.8 Maces & Flails
 + Level 12.7 Armour
 + Level 10.7 Dodging
 - Level 0.3 Stealth
 - Level 5.1 Shields


You had 9 spell levels left.
You didn't know any spells.
Your spell library was empty.

Dungeon Overview and Level Annotations

Branches:
Dungeon (1/1)

Altars:
Cheibriados
Dithmenos
Fedhas
Gozag
Kikubaaqudgha
Makhleb
Okawaru
Qazlal
Ru
Sif Muna
Trog
Uskayaw
Vehumet
Wu Jian
Xom
Yredelemnul
Zin
The Shining One
Lugonu

Shops:
D *[??*?*:[((!!!!


Innate Abilities, Weirdness & Mutations

You have a pair of horns on your head.
You reflexively headbutt those who attack you in melee.


Message History

You feel very sick. The merfolk barely misses you.
The merfolk hits you from afar with a +1 trident of venom!
The wind drake bites you but does no damage.
The centaur warrior shoots an arrow.
The arrow hits you!
The faun shoots a sling bullet.
The sling bullet barely misses you. The cyclops misses you.
The faun unwields a +0 sling.
The faun wields a +0 spear.
The faun hits you but does no damage.
Unknown command.
The harpy screeches!
You hit the cyclops but do no damage.
You feel sick.
The merfolk hits you but does no damage.
The centaur warrior shoots an arrow.
The arrow hits you!! The wind drake barely misses you.
The merfolk hits you from afar with a +1 trident of venom.
* * * LOW HITPOINT WARNING * * *
The faun shoots a sling bullet.
You block the sling bullet.
You sock the faun!
The faun is moderately wounded.
You feel sick.
The centaur warrior shoots an arrow.
The arrow hits you but does no damage. The cyclops hits you!
* * * LOW HITPOINT WARNING * * *
The merfolk hits you but does no damage.
The wind drake bites you but does no damage.
You block the faun's attack.
The merfolk hits you from afar with a +1 trident of venom.
* * * LOW HITPOINT WARNING * * *
Unknown command.
You feel much better.
You feel sick.
The centaur warrior shoots an arrow.
The arrow hits you.
The faun shoots a sling bullet.
You block the sling bullet. The wind drake closely misses you.
The merfolk hits you from afar with a +0 trident!
* * * LOW HITPOINT WARNING * * *
The faun completely misses you.
The merfolk hits you but does no damage.
The cyclops hits you!!
* * * LOW HITPOINT WARNING * * *
The centaur warrior shoots an arrow.
The arrow hits you!
You die...
Your body crumbles into a pile of gold.

#§)[.........⌠#
######.8....)....8.#
##.___......###...)..
###∩...c....8.# #.8.)..
##.[.....[.....###....[.
#⌠.........)###...###)..
#⌠....H.c..)# #.<.# #.).
#⌠......k...###...###)).
##...m.@C....))###.)....
###∩m..c...)8.# #)8....
##∩___......###)..)..
######.8.........8.#
#⌠.......)...⌠#
###.........###
#_......._# #_........#
#........_#


You could see a wind drake (repels missiles), 2 merfolk, a centaur warrior, 2
fauns, a cyclops and a harpy.

Vanquished Creatures
  A wizard (D)
  Erolcha (D)
  2 two-headed ogres (D)
  A manticore (D)
  A rime drake (D)
  Sigmund (D)
  A water elemental (D)
  4 ice beasts (D)
  5 ogres (D)
  Blork the orc (D)
  6 vampire bats (D)
  An orc priest (D)
  Jessica (D)
  Terence (D)
  4 orcs (D)
  2 goblins (D)
  6 kobolds (D)
  A bat (D)
40 creatures vanquished.

Vanquished Creatures (others)
  A kobold (D)
1 creature vanquished.

Grand Total: 41 creatures vanquished

Notes
Turn   | Place    | Note
-------+----------+-------------------------------------------
     0 | D        | 123456 the Minotaur Fighter began the quest for the Orb.
     0 | D        | Reached XP level 1. HP: 19/19 MP: 0/0
     3 | D        | Found a sacrificial altar of Ru.
     3 | D        | Found a blossoming altar of Fedhas.
     5 | D        | Found an ornate altar of the Wu Jian Council.
     5 | D        | Found a shadowy altar of Dithmenos.
     5 | D        | Round 1.
     6 | D        | Found Woapnim's Do-It-Yourself Clinic.
     6 | D        | Found a burning altar of Makhleb.
     6 | D        | Found an opulent altar of Gozag.
     6 | D        | Found a shimmering altar of Xom.
     6 | D        | Found Qixtesoi's Distillery.
     7 | D        | Found Horem's Bottled Wisdom.
     7 | D        | Found Heneq's Weapon Rack.
     7 | D        | Found Reasat's Distillery.
    13 | D        | Found a glowing silver altar of Zin.
    17 | D        | Became a worshipper of Gozag Ym Sagoz the Greedy
    34 | D        | Found a stormy altar of Qazlal.
    40 | D        | Reached skill level 4 in Fighting
    46 | D        | Found a corrupted altar of Lugonu.
    47 | D        | Found a basalt altar of Yredelemnul.
    47 | D        | Found an iron altar of Okawaru.
    47 | D        | Found Fatzomm's Staff Store.
    47 | D        | Found Kopak's Magic Scroll Shop.
    48 | D        | Found Utawua's Must-Have Magic.
    48 | D        | Found Udwovod's Magic Scroll Shop.
    51 | D        | Noticed Jessica
    57 | D        | Killed Jessica
    58 | D        | Reached skill level 5 in Fighting
    58 | D        | Reached skill level 5 in Armour
    58 | D        | Reached skill level 5 in Shields
    58 | D        | Reached XP level 2. HP: 29/29 MP: 1/1
    58 | D        | Reached XP level 3. HP: 36/36 MP: 2/2
    63 | D        | Found a radiant altar of Vehumet.
    66 | D        | Bought 3 scrolls of brand weapon for 285 gold pieces
    74 | D        | Found a glowing golden altar of the Shining One.
    75 | D        | Found a bloodstained altar of Trog.
    76 | D        | Found Tiuxkose's Jewellery.
    76 | D        | Found Kinad's Advanced Armour.
    77 | D        | Found a hide-covered altar of Uskayaw.
    77 | D        | Found an ancient bone altar of Kikubaaqudgha.
    77 | D        | Found Bil Wiri's Identification Station.
    84 | D        | Bought a steaming pewter amulet for 45 gold pieces
    84 | D        | Identified the amulet "Gippybre" {rPois Will+ Regen+ Str+4}
                  | (You bought it in a shop in the Dungeon)
    99 | D        | Found a shimmering blue altar of Sif Muna.
   100 | D        | Found a snail-covered altar of Cheibriados.
   101 | D        | Found Wexziufo's Premium Goods.
   103 | D        | Found Okhlamutu's Miscellaneous Merchandise.
   103 | D        | Found Rotzicur's Basic Armour.
   127 | D        | Noticed Sigmund
   133 | D        | Killed Sigmund
   134 | D        | Reached skill level 8 in Fighting
   134 | D        | Reached XP level 4. HP: 34/49 MP: 3/3
   134 | D        | Reached XP level 5. HP: 38/56 MP: 4/4
   173 | D        | Noticed Terence
   185 | D        | Killed Terence
   185 | D        | Arena points: 14 (+14) [x2]
   205 | D        | Round 2.
   239 | D        | Reached skill level 9 in Fighting
   278 | D        | Bought an ancient hat for 315 gold pieces
   278 | D        | Identified the +2 hat of Past Mistakes {rPois rF+ rC-
                  | Will++} (You bought it in a shop in the Dungeon)
   324 | D        | Noticed Blork the orc
   335 | D        | Killed Blork the orc
   336 | D        | Reached skill level 5 in Dodging
   336 | D        | Reached XP level 6. HP: 64/64 MP: 5/5
   354 | D        | Arena points: 56 (+42) [x3]
   397 | D        | Round 3.
   410 | D        | Noticed an ice beast
   420 | D        | Killed an ice beast
   421 | D        | Reached skill level 10 in Fighting
   463 | D        | Noticed a water elemental
   467 | D        | Noticed an ice beast
   471 | D        | Killed a water elemental
   472 | D        | Reached skill level 11 in Fighting
   472 | D        | Reached skill level 10 in Maces & Flails
   472 | D        | Reached XP level 7. HP: 67/74 MP: 6/6
   511 | D        | Reached skill level 12 in Fighting
   551 | D        | Noticed a rime drake
   562 | D        | Killed a rime drake
   562 | D        | Arena points: 140 (+84) [x4]
   563 | D        | Reached XP level 8. HP: 85/85 MP: 7/7
   574 | D        | Bought a masterwork cloak for 332 gold pieces
   574 | D        | Identified the +2 cloak of Rinepli {MP+9 Slay+3} (You
                  | bought it in a shop in the Dungeon)
   579 | D        | Bought a pair of masterwork boots for 332 gold pieces
   579 | D        | Identified the +0 pair of boots of Amorality {Drain Str+4
                  | Dex+3} (You bought it in a shop in the Dungeon)
   579 | D        | Round 4.
   708 | D        | Reached skill level 10 in Armour
   725 | D        | Reached skill level 13 in Fighting
   730 | D        | Arena points: 280 (+140) [x5]
   786 | D        | Round 5.
   786 | D        | Noticed a witch
   799 | D        | Killed a witch
   799 | D        | Arena points: 560 (+280) [x7]
   800 | D        | Reached skill level 14 in Fighting
   803 | D        | Got a decaying rune of Zot
   804 | D        | Reached XP level 9. HP: 96/96 MP: 8/8
   966 | D        | Round 6.
  1041 | D        | Arena points: 944 (+384) [x8]
  1083 | D        | Round 7.
  1102 | D        | Noticed a two-headed ogre
  1105 | D        | Reached XP level 10. HP: 104/104 MP: 9/9
  1110 | D        | Killed a two-headed ogre
  1111 | D        | Reached skill level 15 in Fighting
  1111 | D        | Reached skill level 15 in Maces & Flails
  1133 | D        | Noticed a two-headed ogre
  1139 | D        | Killed a two-headed ogre
  1140 | D        | Reached skill level 16 in Fighting
  1140 | D        | Reached skill level 10 in Dodging
  1191 | D        | Noticed Erolcha
  1199 | D        | Killed Erolcha
  1199 | D        | Arena points: 1511 (+567) [x9]
  1238 | D        | Round 8.
  1238 | D        | Noticed a faun
  1238 | D        | Noticed a faun
  1239 | D        | Noticed a cyclops
  1239 | D        | Noticed a centaur warrior
  1239 | D        | Noticed a harpy
  1240 | D        | Noticed a manticore
  1248 | D        | Killed a manticore
  1249 | D        | Reached skill level 17 in Fighting
  1254 | D        | HP: 1/111 [cyclops (21)]
  1254 | D        | Shot with an arrow by a centaur warrior

Illustrated notes

Levels and vault maps discovered:
D:        arena_sprint

Skill      XL: |  1  2  3  4  5  6  7  8  9 10 |
---------------+-------------------------------+-----
Fighting       | 5 8 9 11 12 14 17 | 17.0
Armour         | 5 7 8 9 11 12 | 12.7
Shields        | 5 |  5.1
Maces & Flails | 4 7 9 10 12 14 16 | 16.8
Dodging        | 4 5 6 7 9 10 | 10.7
Stealth        | |  0.3

Action                     |  1- 3 |  4- 6 |  7- 9 | 10-12 || total
---------------------------+-------+-------+-------+-------++-------
  Melee: Flail             |     8 |    38 |    51 |    26 ||   123
         Headbutt          |       |     3 |    14 |     7 ||    24
 Invoke: Potion Petition   |       |       |       |     1 ||     1
         Bribe Branch      |       |       |       |     1 ||     1
  Evoke: Wand              |       |       |     2 |       ||     2
    Use: Scroll            |     3 |       |       |       ||     3
         Potion            |       |       |     1 |     3 ||     4
   Stab: Distracted        |     1 |       |       |       ||     1
 Armour: Scale mail        |     1 |     6 |    19 |    17 ||    43
  Dodge: Dodged            |     3 |    15 |    21 |    28 ||    67
  Block: Buckler           |       |     4 |     7 |    14 ||    25

Table legend: (Time is in decaauts)
 A = Elapsed time spent in this place.
 B = Non-inter-level travel time spent in this place.
 C = Inter-level travel time spent in this place.
 D = Time resting spent in this place.
 E = Time spent auto-exploring this place.
 F = Levels seen in this place.
 G = Mean time per level.
                   A        B        C        D        E       F      G
               +--------+--------+--------+--------+--------+-----+--------+
         Total |   1238 |   1234 |      4 |    544 |    121 |   1 | 1238.0 |
       Dungeon |   1238 |   1234 |      4 |    544 |    121 |   1 | 1238.0 |
               +--------+--------+--------+--------+--------+-----+--------+

Top non-repeatable levels by time:
       D: 1238 daAuts
